 Dungeon Crawl Stone Soup version 0.19.1 (console) character file.

22718 Kloppie the Bludgeoner (level 12, -5/98 HPs)
             Began as a Demonspawn Berserker on Nov 24, 2016.
             Was a High Priest of Trog.
             Slain by a lindwurm (7 damage)
             ... summoned by Kirke
             ... on level 4 of the Lair of Beasts.
             The game lasted 00:24:30 (13890 turns).

Kloppie the Bludgeoner (Demonspawn Berserker)      Turns: 13890, Time: 00:24:31

Health: -5/98      AC:  0    Str: 17    XL:     12   Next: 65%
Magic:  0/12       EV:  3    Int:  9    God:    Trog [*****.]
Gold:   721        SH:  0    Dex: 18    Spells: 0 memorised, 11 levels left

rFire  . . .     SeeInvis .     (weapon currently unavailable)
rCold  . . .     Gourm    .     (armour currently unavailable)
rNeg   + + +     Faith    .     (shield currently unavailable)
rPois  ∞         Spirit   +     (helmet currently unavailable)
rElec  .         Reflect  .     (cloak currently unavailable)
rCorr  .         Harm     .     (gloves currently unavailable)
MR     .....                    (boots unavailable)
Stlth  ++........               (no amulet)
                                (ring currently unavailable)
                                (ring currently unavailable)

@: exhausted, pig-form, petrified, slowed, very quick
A: (claws 0), (horns 0), (talons 0), powered by pain 1, magic shield
a: Berserk, Trog's Hand, Brothers in Arms, Burn Spellbooks, Renounce Religion


You were on level 4 of the Lair of Beasts.
You worshipped Trog.
Trog was extremely pleased with you.
You were very hungry.
You were a filthy swine.
You visited 2 branches of the dungeon, and saw 14 of its levels.

You collected 889 gold pieces.
You spent 168 gold pieces at shops.

Inventory:

Hand Weapons
 a - a +0 dire flail (melded)
 h - a +2 mace of crushing
 m - the +9 arbalest of the Toadstool {penet, rF+ Int+6}
   (You acquired it on level 6 of the Dungeon)

   Ammo fired by it will pass through the targets it hits, potentially hitting
   all targets in its path until it reaches maximum range.
   It affects your intelligence (+6).
   It protects you from fire.
Missiles
 F - 19 bolts
Armour
 w - a +2 cloak of poison resistance (melded)
 G - a +0 plate armour (melded)
Jewellery
 d - a ring of positive energy (melded)
 B - an uncursed ring of stealth
 L - a ring of resist corrosion (melded)
 Q - an uncursed ring of fire
Wands
 e - a wand of lightning (11/15)
 k - a wand of disintegration (14/24)
 p - a wand of iceblast (4/15)
 t - a wand of disintegration (9/24)
 v - a wand of digging (16/24)
 y - a wand of disintegration (11/24)
 A - a wand of random effects (24/48)
 H - a wand of acid (0/15)
 M - a wand of flame (22/48)
Scrolls
 f - 7 scrolls of teleportation
 j - 11 scrolls of remove curse
 l - 2 scrolls of magic mapping
 n - 2 scrolls of noise
 C - a scroll of recharging
 I - a scroll of enchant weapon
 J - 3 scrolls of identify
 K - a scroll of enchant armour
 N - 2 scrolls of fog
Potions
 i - 3 potions of might
 o - 2 potions of flight
 r - 4 potions of haste
 s - 3 potions of invisibility
 u - 7 potions of curing
 z - a potion of ambrosia
 D - a potion of cancellation
 E - a potion of agility
 O - a potion of resistance
Comestibles
 b - 2 slices of pizza
 c - 13 bread rations
 g - 2 meat rations
 q - 5 beef jerkies
 x - 10 fruits


   Skills:
 + Level 10.5 Fighting
 - Level 15.2 Maces & Flails
 + Level 7.8 Armour
 - Level 1.7 Dodging


You had 11 spell levels left.
You didn't know any spells.

Dungeon Overview and Level Annotations

Branches:
Dungeon (10/15)            Temple (0/1) D:6            Lair (4/6) D:8
  Swamp (0/4) Lair:2       Spider (0/4) Lair:3          Orc (0/2) D:10

Altars:
Dithmenos
Elyvilon
Gozag
Kikubaaqudgha
Makhleb
Ru
Xom
The Shining One

Shops:
D:4 *

Annotations:
Lair:2 exclusion: oklob plant
Lair:4 Kirke


Innate Abilities, Weirdness & Mutations

((You have sharp fingernails.))
((You have a pair of small horns on your head.))
((You have claws for feet.))
You sometimes gain a little power by taking damage.
When hurt, damage is shared between your health and your magic reserves.


Message History

The basilisk bites you!
* * * LOW HITPOINT WARNING * * *
Kirke barely misses you.
You are no longer berserk.
You feel yourself slow down.
Kirke casts a spell.
Kirke summons a lindwurm!
The basilisk bites you. The lindwurm bites you!
* * * LOW HITPOINT WARNING * * *
The lindwurm claws you.
* * * LOW HITPOINT WARNING * * *
The lindwurm claws you.
* * * LOW HITPOINT WARNING * * *
Kirke hits you!
* * * LOW HITPOINT WARNING * * *
The basilisk bites you.
* * * LOW HITPOINT WARNING * * *
You are feeling very hungry.
The lindwurm bites you!
You die...

####..##P#
###.........
...........
####..........
#.#...........
##.............
#.....kl.......
##.....h@k......
#....[.#########
#...<...#
####P.....##
..#.P.....##
...PPP....P#
...........##
.........(.##
##.......(..#


You could see Kirke, 2 lindwurms and a basilisk.

Vanquished Creatures
  Nessos (Lair:4)
  2 hydras (Lair:3)
  Erica (Lair:2)
  A centaur warrior (D:10)
  Urug (Lair:2)
  An orc high priest (D:10)
  A black mamba (Lair:1)
  3 centaur skeletons (D:10)
  A gargoyle (D:10)
  3 komodo dragons
  5 spiny frogs
  2 rime drakes
  An efreet (D:10)
  A troll (D:9)
  2 hornets (D:9)
  Grinder (D:3)
  A two-headed ogre (D:9)
  A blink frog (Lair:3)
  9 hippogriffs
  A spriggan (D:8)
  4 yaks
  2 redbacks (Lair:3)
  Sigmund (D:4)
  2 wyverns
  2 hungry ghosts
  3 hogs
  Eustachio (D:5)
  4 wargs (D:10)
  9 water moccasins
  7 porcupines
  4 orc warriors
  A black bear (D:9)
  2 sky beasts (D:6)
  2 phantoms
  3 ice beasts
  A necrophage (D:10)
  6 ogres
  7 centaurs
  11 crocodiles
  A big kobold (D:10)
  9 bullfrogs
  A water moccasin skeleton (D:6)
  3 scorpions
  5 killer bees (D:8)
  4 wights (D:9)
  3 electric eels
  2 bullfrog zombies
  4 crimson imps
  3 jellies
  A bullfrog skeleton (D:9)
  5 orc priests
  Crazy Yiuf (D:4)
  8 hounds
  Ijyb (D:2)
  6 iguanas
  16 orc wizards
  3 worker ants
  3 hound skeletons
  A howler monkey zombie (D:9)
  2 howler monkey skeletons
  18 adders
  A shadow imp (D:8)
  3 adder skeletons
  An adder zombie (D:4)
  A worm (D:6)
  3 leopard geckos
  38 orcs
  2 ball pythons
  A giant cockroach (D:1)
  9 goblins
  5 hobgoblins
  5 jackals
  2 quokkas (D:5)
  2 bats (D:1)
  5 frilled lizards
  A jackal zombie (D:8)
  9 kobolds
  A leopard gecko skeleton (D:3)
  A leopard gecko zombie (D:6)
  A quokka zombie (D:6)
  8 rats
  A fungus (D:8)
311 creatures vanquished.

Vanquished Creatures (collateral kills)
  Sonja (Lair:2)
  2 black mambas (Lair:1)
  A basilisk (Lair:1)
4 creatures vanquished.

Vanquished Creatures (others)
  A bush (Lair:1)
  2 fungi (Lair:1)
  8 plants
11 creatures vanquished.

Grand Total: 326 creatures vanquished

Notes
Turn   | Place    | Note
-------+----------+-------------------------------------------
     0 | D:1      | Kloppie the Demonspawn Berserker began the quest for the Orb.
     0 | D:1      | Reached XP level 1. HP: 18/18 MP: 1/1
   173 | D:1      | Reached skill level 3 in Maces & Flails
   229 | D:1      | Gained mutation: You have sharp fingernails. [demonic ancestry]
   229 | D:1      | Reached XP level 2. HP: 18/24 MP: 2/2
   889 | D:2      | Reached XP level 3. HP: 29/29 MP: 3/3
   993 | D:2      | Noticed Ijyb
  1000 | D:2      | Killed Ijyb
  1066 | D:2      | Reached ** piety under Trog
  1202 | D:2      | Reached XP level 4. HP: 21/37 MP: 4/4
  1297 | D:2      | Reached skill level 4 in Maces & Flails
  1365 | D:2      | Found an ancient bone altar of Kikubaaqudgha.
  1366 | D:2      | Found a white marble altar of Elyvilon.
  1367 | D:2      | Found a burning altar of Makhleb.
  1367 | D:2      | Found a glowing golden altar of the Shining One.
  1368 | D:2      | Found an opulent altar of Gozag.
  1368 | D:2      | Found a shimmering altar of Xom.
  1733 | D:3      | Noticed Grinder
  1754 | D:3      | Killed Grinder
  1754 | D:3      | Reached skill level 5 in Maces & Flails
  1754 | D:3      | Gained mutation: You have sharp toenails. [demonic ancestry]
  1754 | D:3      | Reached XP level 5. HP: 43/43 MP: 5/5
  1754 | D:3      | Gained mutation: You have a pair of small horns on your head. [demonic ancestry]
  1754 | D:3      | Reached XP level 6. HP: 49/49 MP: 6/6
  2230 | D:4      | Found a runed door.
  2234 | D:4      | Noticed Crazy Yiuf
  2237 | D:4      | Killed Crazy Yiuf
  2358 | D:4      | Reached skill level 5 in Fighting
  2358 | D:4      | Reached skill level 6 in Maces & Flails
  2387 | D:4      | Gained mutation: When hurt, damage is shared between your health and your magic reserves. [demonic ancestry]
  2387 | D:4      | Reached XP level 7. HP: 37/56 MP: 7/7
  2594 | D:4      | Noticed Sigmund
  2605 | D:4      | Killed Sigmund
  2727 | D:4      | Found Exzuetynt's Assorted Antiques.
  2737 | D:4      | Bought a scroll labeled FISIOF NYSIX for 24 gold pieces
  2737 | D:4      | Bought a scroll labeled HAOPREM WIKH for 24 gold pieces
  2737 | D:4      | Bought a scroll labeled FISIOF NYSIX for 24 gold pieces
  2737 | D:4      | Bought a scroll labeled ECLAKH RIANT for 24 gold pieces
  2737 | D:4      | Bought 3 scrolls labeled ERRINA GIDDASO for 72 gold pieces
  2905 | D:4      | Reached *** piety under Trog
  2916 | D:4      | Reached skill level 7 in Maces & Flails
  3097 | D:5      | Entered Level 5 of the Dungeon
  3342 | D:5      | Gained mutation: You sometimes gain a little power by taking damage. [demonic ancestry]
  3342 | D:5      | Reached XP level 8. HP: 57/64 MP: 6/8
  3464 | D:5      | Found a burning altar of Makhleb.
  3628 | D:5      | Noticed Eustachio
  3661 | D:5      | Killed Eustachio
  3661 | D:5      | Reached skill level 8 in Maces & Flails
  4253 | D:6      | Identified a scroll of acquirement
  4254 | D:6      | Got a transparent arbalest
  4255 | D:6      | Identified the +9 arbalest of the Toadstool {penet, rF+ Int+6} (You acquired it on level 6 of the Dungeon)
  4322 | D:6      | Reached skill level 9 in Maces & Flails
  4581 | D:6      | Gained mutation: You have razor-sharp toenails. [demonic ancestry]
  4581 | D:6      | Reached XP level 9. HP: 69/72 MP: 9/9
  4747 | D:6      | Found a staircase to the Ecumenical Temple.
  4753 | D:6      | Reached **** piety under Trog
  5351 | D:7      | Reached skill level 10 in Maces & Flails
  5486 | D:7      | Found a shadowy altar of Dithmenos.
  5988 | D:8      | Found a staircase to the Lair.
  6585 | D:8      | Received a gift from Trog
  6666 | D:9      | Found a sacrificial altar of Ru.
  6672 | D:9      | Reached skill level 11 in Maces & Flails
  6676 | D:9      | Gained mutation: You have claws for feet. [demonic ancestry]
  6676 | D:9      | Reached XP level 10. HP: 80/80 MP: 8/10
  7284 | D:9      | Got a scorched leather armour
  7328 | D:9      | Identified the +1 leather armour of the Orcish Mines {-Tele rElec rCorr Str-3} (You took it off an orc on level 9 of the Dungeon)
  7478 | D:9      | Reached skill level 12 in Maces & Flails
  7478 | D:9      | Reached skill level 5 in Armour
  8093 | D:9      | Reached ***** piety under Trog
  8198 | D:10     | Entered Level 10 of the Dungeon
  8584 | D:10     | Found a staircase to the Orcish Mines.
  8789 | D:10     | Noticed a centaur warrior
  8801 | D:10     | Killed a centaur warrior
  8801 | D:10     | Reached XP level 11. HP: 47/86 MP: 5/11
  8990 | D:10     | Reached skill level 13 in Maces & Flails
  9171 | D:10     | Noticed an orc high priest
  9195 | D:10     | Killed an orc high priest
  9420 | Lair:1   | Entered Level 1 of the Lair of Beasts
  9928 | Lair:1   | Got a translucent buckler
 10444 | Lair:1   | Identified the +3 buckler "Guel Zua" {+Inv rN+} (You acquired it on level 1 of the Lair of Beasts)
 10480 | Lair:2   | Reached skill level 14 in Maces & Flails
 10569 | Lair:2   | Noticed Sonja
 10581 | Lair:2   | Killed Sonja
 10723 | Lair:2   | Found a staircase to the Swamp.
 10936 | Lair:2   | Noticed Erica
 10945 | Lair:2   | Killed Erica
 11192 | Lair:2   | Noticed an oklob plant
 11226 | Lair:2   | Noticed Urug
 11239 | Lair:2   | Killed Urug
 11239 | Lair:2   | Reached XP level 12. HP: 95/95 MP: 6/12
 11941 | Lair:3   | Found a hole to the Spider Nest.
 11944 | Lair:3   | Noticed a six-headed hydra
 11953 | Lair:3   | Killed a six-headed hydra
 12769 | Lair:3   | Reached skill level 15 in Maces & Flails
 13360 | Lair:3   | Noticed a six-headed hydra
 13367 | Lair:3   | Killed a six-headed hydra
 13367 | Lair:3   | Reached skill level 10 in Fighting
 13530 | Lair:4   | Noticed Nessos
 13549 | Lair:4   | Killed Nessos
 13859 | Lair:4   | Noticed Kirke
 13889 | Lair:4   | HP: 2/98 [Kirke (4)]
 13890 | Lair:4   | Slain by a lindwurm

Skill      XL: |  1  2  3  4  5  6  7  8  9 10 11 12 |
---------------+-------------------------------------+-----
Maces & Flails | 3 5 6 7 9 11 12 14 15 | 15.2
Fighting       | 4 5 6 7 8 9 10 | 10.5
Armour         | 3 6 7 |  7.8
Dodging        | |  1.7

Action                   |  1- 3 |  4- 6 |  7- 9 | 10-12 || total
-------------------------+-------+-------+-------+-------++-------
Melee: Mace              |    70 |    94 |   437 |   334 ||   935
       Kick              |       |    15 |   128 |   254 ||   397
       Headbutt          |       |    14 |    69 |   156 ||   239
       Dire flail        |       |       |       |   320 ||   320
       Unarmed           |       |       |       |    18 ||    18
Invok: Berserk           |     3 |     4 |     7 |    16 ||    30
       Trog's Hand       |       |     1 |     2 |     4 ||     7
       Brothers in Arms  |       |       |       |     2 ||     2
Evoke: Wand              |       |       |       |     3 ||     3
  Use: Scroll            |       |       |    22 |    11 ||    33
       Potion            |       |       |       |     1 ||     1
 Stab: Sleeping          |       |       |     1 |       ||     1
  Eat: Chunk             |     4 |     7 |    21 |    34 ||    66
       Beef jerky        |       |       |       |     3 ||     3
       Meat ration       |       |       |       |     1 ||     1
Armor: Animal skin       |     9 |       |       |       ||     9
       Ring mail         |     6 |    38 |   161 |       ||   205
       Plate armour      |       |       |    77 |   334 ||   411
Dodge: Dodged            |    45 |    55 |   208 |   178 ||   486
